 Dungeon Crawl Stone Soup version 0.21-a0-625-g1119ec1 (webtiles) character file.

15 tidbits the Digger (level 2, 9/20 HPs)
             Began as a Gnoll Earth Elementalist on Dec 24, 2017.
             Quit the game on level 3 of the Dungeon.
             The game lasted 00:01:01 (108 turns).

tidbits the Digger (Gnoll Earth Elementalist)        Turns: 108, Time: 00:01:02

Health: 9/20       AC:  2    Str: 10    XL:     2   Next: 50%
Magic:  0/7        EV: 14    Int: 17    God:
Gold:   8          SH:  0    Dex: 15    Spells: 7/10 levels left

rFire    . . .     SeeInvis .   i - -2 dagger (curse)
rCold    . . .     Gourm    .   (no shield)
rNeg     . . .     Faith    .   c - +0 robe
rPois    .         Spirit   .   (no helmet)
rElec    .         Reflect  .   (no cloak)
rCorr    .         Harm     .   (no gloves)
MR       .....                  (no boots)
Stlth    +++.......             (no amulet)
HPRegen  0.06/turn              (no ring)
MPRegen  0.10/turn              (no ring)

@: no status effects
A: distributed training, fangs 1, strong nose
a: no special abilities


You were on level 3 of the Dungeon.
You were not hungry.

You visited 1 branch of the dungeon, and saw 3 of its levels.

You collected 8 gold pieces.

Inventory:

Hand Weapons
 i - a cursed -2 dagger (weapon)
Missiles
 b - 18 stones (quivered)
Armour
 c - a +0 robe (worn)
Scrolls
 a - a scroll of immolation {unknown}
 f - a scroll of identify {unknown}
 g - a scroll of fog {unknown}
Potions
 h - a potion of curing {unknown}
Books
 e - a book of Geomancy

   Spells                             Type                      Level
   a - Sandblast                      Earth                        1
   b - Passwall                       Transmutation/Earth          2
   c - Stone Arrow                    Conjuration/Earth            3
   d - Petrify                        Transmutation/Earth          4
   e - Lee's Rapid Deconstruction     Earth                        5
Comestibles
 d - 2 rations


   Skills:
 + Level 0.4 Fighting
 + Level 0.4 Short Blades
 + Level 0.4 Long Blades
 + Level 0.4 Axes
 + Level 0.4 Maces & Flails
 + Level 0.4 Polearms
 + Level 0.4 Staves
 + Level 0.4 Slings
 + Level 0.4 Bows
 + Level 0.4 Crossbows
 + Level 0.4 Throwing
 + Level 0.4 Armour
 + Level 4.5 Dodging
 + Level 4.1 Stealth
 + Level 0.4 Shields
 + Level 0.4 Unarmed Combat
 + Level 4.9 Spellcasting
 + Level 0.2 Conjurations
 + Level 0.2 Hexes
 + Level 0.2 Charms
 + Level 0.2 Summonings
 + Level 0.2 Necromancy
 + Level 0.2 Translocations
 + Level 2.0 Transmutations
 + Level 0.2 Fire Magic
 + Level 0.2 Ice Magic
 + Level 0.2 Air Magic
 + Level 5.3 Earth Magic
 + Level 0.2 Poison Magic
 + Level 0.5 Invocations
 + Level 0.4 Evocations


You had 7 spell levels left.
You knew the following spells:

 Your Spells              Type           Power        Failure   Level  Hunger
a - Sandblast             Erth           ###...       1%          1    None
p - Passwall              Tmut/Erth      ###.......   4%          2    #......


Dungeon Overview and Level Annotations

Branches:
Dungeon (3/15)

Altars:


Innate Abilities, Weirdness & Mutations

Your experience applies equally to all skills.
You have very sharp teeth.
Your uncanny sense of smell can sniff out nearby items.


Message History

Casting: Sandblast
Confirm with . or Enter, or press ? or * to list all spells.
Aiming: Sandblast
Press: ? - help, Shift-Dir - straight line, f/p - kobold
Aim: a kobold (heavily wounded)
The blast of sand hits the kobold.
You kill the kobold!
b - 23 stones You now have 8 gold pieces.
Casting: Sandblast
Confirm with . or Enter, or press ? or * to list all spells.
Aiming: Sandblast
Press: ? - help, Shift-Dir - straight line, f - frilled lizard
Aim: a frilled lizard The blast of sand hits the frilled lizard.
You kill the frilled lizard!
b - 22 stones You see here a stone.
b - 23 stones (gained 1)
You see here a ration.
d - 2 rations (gained 1)
You see here a scroll labeled COLLUAPSAT.
g - a scroll labeled COLLUAPSAT
There is a stone staircase leading down here.
You climb downwards.
Found a leather armour.
There is a stone staircase leading up here.
A giant cockroach and 2 orcs come into view.
Found a ruby potion.
You see here a ruby potion.
h - a ruby potion The orc shouts!
An orc comes into view. It is wielding a dagger.
Casting: Sandblast
Confirm with . or Enter, or press ? or * to list all spells.
Aiming: Sandblast
Press: ? - help, Shift-Dir - straight line, f - orc
Aim: an orc, wielding an enchanted dagger and wearing a leather armour The blast of sand hits the orc.
The orc is lightly wounded.
b - 22 stones The orc shouts!
Casting: Sandblast
Confirm with . or Enter, or press ? or * to list all spells.
Aiming: Sandblast
Press: ? - help, Shift-Dir - straight line, f/p - orc
Aim: an orc, wielding an enchanted dagger and wearing a leather armour (lightly wounded)
The blast of sand hits the orc.
You kill the orc!
b - 21 stones
Things that are here:
an enchanted dagger; a leather armour; an orc corpse
i - an enchanted dagger The giant cockroach bites you.
The giant cockroach closely misses you.
Casting: Sandblast
Confirm with . or Enter, or press ? or * to list all spells.
Aiming: Sandblast
Press: ? - help, Shift-Dir - straight line, f - giant cockroach
Aim: a giant cockroach (clinging)
The blast of sand hits the giant cockroach.
You kill the giant cockroach!
b - 20 stones
Casting: Sandblast
Confirm with . or Enter, or press ? or * to list all spells.
Aiming: Sandblast
Press: ? - help, Shift-Dir - straight line, f - orc
Aim: an orc, wielding a dagger and wearing a chain mail The blast of sand hits the orc.
b - 19 stones The orc hits you but does no damage.
Casting: Sandblast
Confirm with . or Enter, or press ? or * to list all spells.
You don't have enough magic to cast that spell.
Wield which item (- for none, * to show all)? (? for menu, Esc to quit)
It sticks to your hand!
i - a cursed -2 dagger (weapon)
The orc closely misses you.
You barely miss the orc. The orc hits you but does no damage.
You barely miss the orc. Your bite misses the orc.
The orc hits you with a dagger.
You completely miss the orc. Your bite misses the orc.
The orc hits you with a dagger.
You hit the orc but do no damage. The orc closely misses you.
You hit the orc but do no damage. The orc closely misses you.
You closely miss the orc. The orc closely misses you.
You barely miss the orc. The orc closely misses you.
Casting: Sandblast
Confirm with . or Enter, or press ? or * to list all spells.
Aiming: Sandblast
Press: ? - help, Shift-Dir - straight line, f/p - orc
Aim: an orc, wielding a dagger and wearing a chain mail The blast of sand hits the orc.
The orc is severely wounded.
b - 18 stones The orc hits you with a dagger.
* * * LOW HITPOINT WARNING * * *
Casting: Sandblast
Confirm with . or Enter, or press ? or * to list all spells.
You don't have enough magic to cast that spell.
Are you sure you want to abandon this character and quit the game? (Confirm with "yes".)

#.. #.# #.#
#.#
#######.#
........#
#######.####
#....#
#@##<#
#o##.#
#.##.#
#.##.#
#.##.#
#.##[#
#.##.#
#....#


You could see an orc.

Vanquished Creatures
  An ooze (D:2)
  An orc (D:3)
  2 giant cockroaches
  A goblin (D:1)
  2 kobolds
  A frilled lizard (D:2)
  A rat (D:1)
9 creatures vanquished.

Notes
Turn   | Place    | Note
-------+----------+-------------------------------------------
     0 | D:1      | tidbits the Gnoll Earth Elementalist began the quest for the Orb.
     0 | D:1      | Reached XP level 1. HP: 13/13 MP: 6/6
     4 | D:1      | Noticed an electric eel
     4 | D:1      | Noticed an electric eel
    36 | D:1      | Reached skill level 2 in Transmutations
    51 | D:2      | Reached XP level 2. HP: 20/20 MP: 2/7
    55 | D:2      | Learned a level 2 spell: Passwall
   108 | D:3      | Quit the game

Vault maps used:
D:1:      arrival_aquarium_b
D:2:      nicolae_overflow_crystal_walls
D:3:      lemuel_round_altar, uniq_grinder

Skill      XL: |  1 |
---------------+----+-----
Transmutations | 2 |  2.0
Fighting       | |  0.4
Short Blades   | |  0.4
Long Blades    | |  0.4
Axes           | |  0.4
Maces & Flails | |  0.4
Polearms       | |  0.4
Staves         | |  0.4
Slings         | |  0.4
Bows           | |  0.4
Crossbows      | |  0.4
Throwing       | |  0.4
Armour         | |  0.4
Dodging        | |  4.5
Stealth        | |  4.1
Shields        | |  0.4
Unarmed Combat | |  0.4
Spellcasting   | |  4.9
Conjurations   | |  0.2
Hexes          | |  0.2
Charms         | |  0.2
Summonings     | |  0.2
Necromancy     | |  0.2
Translocations | |  0.2
Fire Magic     | |  0.2
Ice Magic      | |  0.2
Air Magic      | |  0.2
Earth Magic    | |  5.3
Poison Magic   | |  0.2
Invocations    | |  0.5
Evocations     | |  0.4

Action                   || total
-------------------------++-------
Melee: Dagger            ||     7
 Cast: Sandblast         ||    15
Armor: Robe              ||     2
Dodge: Dodged            ||     7

Table legend:
 A = Spawn XP
 B = Non-spawn XP
 C = Spawn XP percentage of total XP
 D = Spawn monster count
 E = Non-spawn monster count
 F = Spawn count percentage of total count
 G = Total turns spent on level
                    A         B        C        D         E        F      G
               +---------+---------+-------+---------+---------+-------+---------
         Total |       0 |      22 |   0.0 |       0 |       9 |   0.0 |   108
               +---------+---------+-------+---------+---------+-------+---------
           D:1 |       0 |       7 |   0.0 |       0 |       4 |   0.0 |    49
           D:2 |       0 |      10 |   0.0 |       0 |       3 |   0.0 |    36
           D:3 |       0 |       5 |   0.0 |       0 |       2 |   0.0 |    23
               +---------+---------+-------+---------+---------+-------+---------

Table legend:
 A = Turns spent in this place as a percentage of turns spent in the entire game.
 B = Non-inter-level travel turns spent in this place as a percentage of non-inter-level travel turns spent in the entire game.
 C = Inter-level travel turns spent in this place as a percentage of turns spent in this place.
 D = Turns resting spent in this place as a percentage of non-inter-level travel turns spent in this place.
 E = Turns spent auto-exploring this place as a percentage of non-inter-level travel turns spent in this place.
 F = Non-inter-level travel turns spent in this place divided by the number of levels of this place that you've seen.
                   A       B       C       D       E      F
               +-------+-------+-------+-------+-------+----------------------
         Total | 100.0 | 100.0 |   0.0 |   0.0 |   0.0 |  36.0
       Dungeon | 100.0 | 100.0 |   0.0 |   0.0 |   0.0 |  36.0
               +-------+-------+-------+-------+-------+----------------------

Table legend:
 A = Kills in this place as a percentage of kills in entire the game.
 B = Kills by you in this place as a percentage of kills by you in the entire game.
 C = Kills by friends in this place as a percentage of kills by friends in the entire game.
 D = Other kills in this place as a percentage of other kills in the entire game.
 E = Experience gained in this place as a percentage of experience gained in the entire game.
 F = Experience gained in this place divided by the number of levels of this place that you have seen.
                   A       B       C       D       E      F
               +-------+-------+-------+-------+-------+----------------------
         Total | 100.0 | 100.0 |   N/A |   N/A | 100.0 |   7.3
       Dungeon | 100.0 | 100.0 |   N/A |   N/A | 100.0 |   7.3
               +-------+-------+-------+-------+-------+----------------------

Vault maps used:
D:1:      arrival_aquarium_b
D:2:      nicolae_overflow_crystal_walls
D:3:      lemuel_round_altar, uniq_grinder
